 Dungeon Crawl Stone Soup version 0.30.1-11-g7821555f0a (webtiles) character file.

Game seed: 16602050407809003271

1077 trogdor75 the Slasher (level 8, -3/68 HPs)
             Began as a Red Draconian Fighter on Nov 8, 2023.
             Was a Follower of the Shining One.
             Splashed by a jelly's acid (10 damage)
             ... on level 6 of the Dungeon.
             The game lasted 00:32:32 (4597 turns).

trogdor75 the Slasher (Red Draconian Fighter)       Turns: 4597, Time: 00:32:33

Health: -3/68      AC: -10   Str: 22    XL:     8   Next: 8%
Magic:  8/8        EV: 12    Int:  8    God:    the Shining One [*.....]
Gold:   533        SH:  4    Dex: 10    Spells: 7/7 levels left

rFire   + . .        a - +0 long sword
rCold   + . .        b - +0 buckler
rNeg    . . .        (body armour unavailable)
rPois   +            (helmet restricted)
rElec   .            (no cloak)
rCorr   .            r - +2 pair of gloves of Focici {rPois}
SInv    .            p - +0 pair of boots
Will    .....        e - amulet of regeneration
Stlth   +            s - ring of protection from cold
HPRegen 1.11/turn    (no ring)
MPRegen 0.11/turn

%: no passive effects
@: corroded, glowing
A: breathe fire, AC +6, unfitting armour, fire resistance 1, cold-blooded
a: Breathe Fire, Renounce Religion, Divine Shield


You were on level 6 of the Dungeon.
You worshipped the Shining One.
The Shining One was aware of your devotion.
You visited 2 branches of the dungeon, and saw 7 of its levels.

You collected 582 gold pieces.
You donated 49 gold pieces to Zin.

Inventory:

Hand Weapons
 a - a +0 long sword (weapon)
Missiles
 t - 16 poisoned darts (quivered)
 v - 2 throwing nets
Armour
 b - a +0 buckler (worn)
 p - a +0 pair of boots (worn)
 r - the +2 pair of gloves of Focici (worn) {rPois}
   (You found it on level 5 of the Dungeon)

   rPois:     It protects you from poison.
Jewellery
 e - an amulet of regeneration (around neck)
 s - a ring of protection from cold (left hand)
Scrolls
 d - a scroll of noise {unknown}
 f - a scroll of identify
 g - 2 scrolls of fog
 j - a scroll of magic mapping {unknown}
 k - 2 scrolls of teleportation
 l - a scroll of blinking {unknown}
 n - a scroll of amnesia {unknown}
 o - a scroll of torment {unknown}
 q - a scroll of enchant armour {unknown}
 u - 2 scrolls of immolation {unknown}
 w - a scroll of enchant weapon {unknown}
 y - a scroll of fear {unknown}
Potions
 c - a potion of might
 h - 2 potions of lignification
 i - a potion of ambrosia {unknown}
 m - a potion of degeneration {unknown}
 x - a potion of resistance {unknown}
 z - a potion of curing


   Skills:
 + Level 5.0 Fighting
 + Level 6.7 Long Blades
 + Level 4.6 Dodging
 + Level 1.9 Stealth
 + Level 4.6 Shields


You had 7 spell levels left.
You didn't know any spells.
Your spell library contained the following spells:

 Spells                   Type           Power      Damage    Failure   Level
 Kiss of Death            Conj/Necr      0%         2d5       45%         1
 Magic Dart               Conj           0%         1d3       45%         1
 Searing Ray              Conj           0%         2d4       61%         2
 Confusing Touch          Hex            0%         N/A       83%         3
 Volatile Blastmotes      Fire/Tloc      0%         2d10      83%         3
 Dispel Undead            Necr           0%         3d6       99%         4
 Fulminant Prism          Conj/Hex       0%         3d5       99%         4
 Iskenderun's Mystic Bla  Conj/Tloc      0%         2d3       99%         4
 Lee's Rapid Deconstruct  Erth           0%         3d4*      100%        5


Dungeon Overview and Level Annotations

Branches:
Dungeon (6/15)             Temple (1/1) D:4

Altars:
Ashenzari
Cheibriados
Dithmenos
Elyvilon
Fedhas
Gozag
Hepliaklqana
Kikubaaqudgha
Makhleb
Nemelex Xobeh
Okawaru
Qazlal
Ru
Sif Muna
Uskayaw
Vehumet
Wu Jian
Xom
Yredelemnul
Zin
The Shining One


Innate Abilities, Weirdness & Mutations

You can breathe blasts of fire.
Your fiery red scales are hard. (AC +6)
You cannot fit into any form of body armour.
Your flesh is heat resistant. (rF+)
You are cold-blooded and may be slowed by cold attacks.


Message History

You hit the jelly but do no damage. The acid corrodes you!
Your hands burn!
The jelly is heavily wounded.
The jelly hits you.
You are splashed with acid.
You hit the jelly but do no damage. The acid corrodes you!
Your hands burn!
The jelly is heavily wounded.
The jelly barely misses you.
You hit the jelly.
Your hands burn!
The jelly is heavily wounded.
The jelly barely misses you.
You hit the jelly.
Your hands burn!
The jelly is almost dead.
You block the jelly's attack.
You hit the jelly but do no damage.
Your hands burn!
You tail-slap the jelly, but do no damage.
The jelly is almost dead.
The jelly closely misses you.
You hit the jelly but do no damage.
Your hands burn!
The jelly is almost dead.
The jelly closely misses you.
You hit the jelly but do no damage.
Your hands burn!
The jelly is almost dead.
The jelly barely misses you.
You hit the jelly but do no damage.
Your hands burn!
* * * LOW HITPOINT WARNING * * *
The jelly is severely wounded.
The jelly hits you.
* * * LOW HITPOINT WARNING * * *
The acid corrodes you!
You are splashed with acid!
* * * LOW HITPOINT WARNING * * *
The jelly barely misses you.
The jelly jiggles.
The jelly attacks as you move away! The jelly hits you.
* * * LOW HITPOINT WARNING * * *
You are splashed with acid!
* * * LOW HITPOINT WARNING * * *
You block the jelly's attack. The jelly attacks as you move away!
The jelly hits you.
* * * LOW HITPOINT WARNING * * *
You are splashed with acid!
You die...

#.########.# #.# #.# #.#
#.### ### #.# ######.##. #..
..# #># #......... #.# #.#
#.# #.####.##. #.# #.# #.#
#.# #)##.
####.###.####.###.####)##.
#........@..<..........##.
#.##.##.J####..........##.
####.##.##.#########.###.###.
#.............# #.# #.# #.
#.##.##.##.##.# #.# #.# #.
#.##.##.##.######.# #.# #.
#.......##......... ...
####.#####..#####.. ..# #...#
#..# #.#.###


You could see a jelly.

Vanquished Creatures
  A steam dragon (D:6)
  An ice beast (D:4)
  2 phantoms
  A centaur (D:5)
  A kobold brigand (D:6)
  A gnoll sergeant (D:4)
  A scorpion (D:6)
  A hound (D:4)
  2 orc priests (D:5)
  Jessica (D:2)
  An iguana (D:5)
  2 orc wizards
  Robin (D:3)
  9 gnolls (D:4)
  3 adders
  2 shadow imps
  2 white imps (D:5)
  2 worms (D:2)
  2 dart slugs (D:1)
  7 orcs
  3 ball pythons
  3 bats
  3 endoplasms
  4 giant cockroaches
  15 goblins
  5 hobgoblins
  6 jackals
  10 kobolds
  A quokka (D:4)
  2 frilled lizards (D:1)
  3 rats
98 creatures vanquished.

Notes
Turn   | Place    | Note
-------+----------+-------------------------------------------
     0 | D:1      | trogdor75 the Draconian Fighter began the quest for the
                  | Orb.
     0 | D:1      | Reached XP level 1. HP: 19/19 MP: 1/1
   153 | D:1      | Reached XP level 2. HP: 26/26 MP: 2/2
   645 | D:1      | Found a hide-covered altar of Uskayaw.
   886 | D:2      | Reached XP level 3. HP: 28/31 MP: 3/3
  1017 | D:2      | Noticed Jessica
  1029 | D:2      | Killed Jessica
  1076 | D:2      | Reached XP level 4. HP: 40/40 MP: 4/4
  1265 | D:2      | Found a faded altar of an unknown god.
  1287 | D:2      | Prayed at the altar of an unknown god.
  1287 | D:2      | Became a worshipper of Gozag Ym Sagoz the Greedy
  1345 | D:2      | Reached skill level 3 in Long Blades
  1456 | D:2      | You fall into a shaft and drop 1 floor!
  1505 | D:3      | Noticed Robin
  1520 | D:3      | Killed Robin
  1833 | D:3      | Found a white marble altar of Elyvilon.
  2287 | D:4      | Reached XP level 5. HP: 43/46 MP: 5/5
  2291 | D:4      | Reached skill level 1 in Stealth
  2308 | D:4      | Found a staircase to the Ecumenical Temple.
  2383 | D:4      | HP: 2/46 [gnoll sergeant/+0 trident (10)]
  2441 | D:4      | Reached skill level 4 in Long Blades
  2487 | D:4      | Noticed an ice beast
  2512 | D:4      | Killed an ice beast
  2513 | D:4      | Reached XP level 6. HP: 50/52 MP: 6/6
  2913 | Temple   | Entered the Ecumenical Temple
  3139 | Temple   | Fell from the grace of Gozag
  3139 | Temple   | Became a worshipper of Zin the Law-Giver
  3139 | Temple   | Reached * piety under Zin
  3139 | Temple   | Reached ** piety under Zin
  3385 | Temple   | Fell from the grace of Zin
  3385 | Temple   | Became a worshipper of the Shining One
  3476 | D:5      | Entered Level 5 of the Dungeon
  3505 | D:5      | Reached * piety under the Shining One
  3551 | D:5      | Reached skill level 5 in Long Blades
  3666 | D:5      | Your scales start taking on a fiery red colour.
  3666 | D:5      | Reached XP level 7. HP: 60/60 MP: 7/7
  3666 | D:5      | Gained mutation: Your flesh is heat resistant. (rF+) [Red
                  | Draconian growth]
  3851 | D:5      | The Shining One protects you from harm!
  3852 | D:5      | The Shining One protects you from harm!
  3855 | D:5      | HP: 1/60 [iguana (6)]
  3857 | D:5      | Reached skill level 6 in Long Blades
  3936 | D:5      | Identified the +2 pair of gloves of Focici {rPois}
  4473 | D:6      | Noticed a steam dragon
  4490 | D:6      | Killed a steam dragon
  4491 | D:6      | Was forgiven by Gozag
  4491 | D:6      | Reached XP level 8. HP: 20/67 MP: 8/8
  4575 | D:6      | Reached skill level 5 in Fighting
  4597 | D:6      | Splashed by a jelly's acid

Illustrated notes

Levels and vault maps discovered:
D:1:      dpeg_arrival_lava_altar, layout_loops_ring, minmay_unequal
D:2:      layout_basic, ebering_ecumenical_altar_abandoned,
          minmay_randomly_rotated_circles, uniq_jessica
D:3:      layout_loops_ring, nicolae_elyvilon_temple_path, uniq_robin
D:4:      layout_basic, minmay_temple_entry_ruins
D:5:      layout_basic
D:6:      layout_loops_ring, uniq_pikel
Temple:   mainiacjoe_temple_big_plus

Skill      XL: |  1  2  3  4  5  6  7  8 |
---------------+-------------------------+-----
Dodging        | 3 4 |  4.6
Long Blades    | 3 4 5 6 |  6.7
Stealth        | 1 |  1.9
Fighting       | 4 5 |  5.0
Shields        | 4 |  4.6

Action                     |  1- 3 |  4- 6 |  7- 9 || total
---------------------------+-------+-------+-------++-------
  Melee: Long sword        |    98 |   209 |   112 ||   419
         Tailslap          |     9 |    24 |    16 ||    49
Ability: Breathe Fire      |       |       |     1 ||     1
    Use: Scroll            |     2 |     1 |     2 ||     5
         Potion            |       |     4 |     2 ||     6
   Stab: Sleeping          |     1 |       |       ||     1
 Armour: Skin              |    33 |    50 |    37 ||   120
  Dodge: Dodged            |    69 |   129 |    87 ||   285
  Block: Buckler           |    28 |    55 |    32 ||   115
